 Dungeon Crawl Stone Soup version 0.21.1-1-g345015f (webtiles) character file.

1802 toffzen the Ruffian (level 9, -6/66 HPs)
             Began as a Gnoll Wanderer on Mar 20, 2018.
             Was a Priest of Makhleb.
             Mangled by an orc warrior
             ... wielding a +2 hand axe of electrocution
              (7 damage)
             ... on level 6 of the Dungeon.
             The game lasted 00:25:26 (9018 turns).

toffzen the Ruffian (Gnoll Wanderer)                Turns: 9018, Time: 00:25:26

Health: -6/66      AC: 13    Str: 17    XL:     9   Next: 9%
Magic:  14/14      EV:  7    Int: 15    God:    Makhleb [***...]
Gold:   347        SH:  0    Dex: 15    Spells: 15/15 levels left

rFire    + . .     SeeInvis .   w - +2 war axe (chop)
rCold    x . .     Gourm    .   (no shield)
rNeg     . . .     Faith    .   l - +0 plate armour
rPois    .         Spirit   .   z - +0 helmet
rElec    .         Reflect  .   (no cloak)
rCorr    .         Harm     .   (no gloves)
MR       .....                  (no boots)
Stlth    ..........             (no amulet)
HPRegen  0.21/turn              f - ring of fire
MPRegen  0.14/turn              (no ring)

@: no status effects
A: distributed training, fangs 1, strong nose
a: Minor Destruction, Lesser Servant of Makhleb, Renounce Religion


You were on level 6 of the Dungeon.
You worshipped Makhleb.
Makhleb was most pleased with you.
You were not hungry.

You visited 1 branch of the dungeon, and saw 6 of its levels.

You collected 347 gold pieces.

Inventory:

Hand Weapons
 a - a +0 dagger of electrocution
 b - a +0 hunting sling
 w - a +2 war axe of chopping (weapon)
Missiles
 c - 13 bolts
 e - 229 stones (quivered)
 g - 5 needles of sleeping
 j - 36 arrows
 p - 79 sling bullets
 x - 14 tomahawks
 y - 23 poisoned needles
Armour
 i - a +0 scale mail
 l - a +0 plate armour (worn)
 z - a +0 helmet (worn)
Jewellery
 f - a ring of fire (left hand)
Wands
 d - a wand of random effects (38)
 B - a wand of acid (10)
Scrolls
 k - 5 scrolls of remove curse
 m - 3 scrolls of teleportation
 q - 4 scrolls of fear
 r - a scroll of noise
 t - a scroll of immolation
 u - a scroll of magic mapping
Potions
 n - a potion of brilliance
 o - 2 potions of degeneration
 A - a potion of flight {unknown}
Books
 s - a book of Cantrips

   Spells                             Type                      Level
   a - Confusing Touch                Hexes                        1
   b - Animate Skeleton               Necromancy                   1
   c - Summon Small Mammal            Summoning                    1
   d - Apportation                    Translocation                1
Comestibles
 h - 9 rations
 v - 8 chunks of flesh


   Skills:
 + Level 4.6 Fighting
 + Level 3.8 Short Blades
 + Level 3.8 Long Blades
 + Level 4.6 Axes
 + Level 3.8 Maces & Flails
 + Level 3.8 Polearms
 + Level 3.8 Staves
 + Level 3.8 Slings
 + Level 3.8 Bows
 + Level 3.8 Crossbows
 + Level 4.6 Throwing
 + Level 4.6 Armour
 + Level 3.8 Dodging
 + Level 5.7 Stealth
 + Level 3.8 Shields
 + Level 7.6 Unarmed Combat
 + Level 3.8 Spellcasting
 + Level 3.1 Conjurations
 + Level 3.1 Hexes
 + Level 3.1 Charms
 + Level 3.1 Summonings
 + Level 3.1 Necromancy
 + Level 3.1 Translocations
 + Level 3.1 Transmutations
 + Level 3.1 Fire Magic
 + Level 3.1 Ice Magic
 + Level 3.1 Air Magic
 + Level 3.1 Earth Magic
 + Level 3.1 Poison Magic
 + Level 4.2 Invocations
 + Level 4.6 Evocations


You had 15 spell levels left.
You didn't know any spells.

Dungeon Overview and Level Annotations

Branches:
Dungeon (6/15)
 Temple: D:4-7

Altars:
Elyvilon
Kikubaaqudgha
Makhleb
Qazlal
Trog
Wu Jian
Xom
Zin

Shops:
D:6 (

Annotations:
D:4 Pikel
D:5 exclusion: downstairs
D:6 appiemonkey's ghost, novice BaFi


Innate Abilities, Weirdness & Mutations

Your experience applies equally to all skills.
You have very sharp teeth.
Your uncanny sense of smell can sniff out nearby items.


Message History

* * * LOW HITPOINT WARNING * * *
You barely miss the orc warrior. You punch the orc warrior.
The orc warrior is almost dead.
You slash the orc!
You kill the orc!
Makhleb accepts your kill.
You feel better.
You closely miss the orc. The orc hits you but does no damage.
The orc warrior barely misses you. The orc closely misses you.
You hit the orc warrior but do no damage.
The orc warrior is almost dead.
You hit the orc.
You kill the orc!
Makhleb accepts your kill.
You feel better.
The orc warrior hits you with a hand axe of electrocution!
* * * LOW HITPOINT WARNING * * *
You completely miss the orc warrior.
The orc warrior is almost dead.
The orc warrior hits you with a hand axe of electrocution!
You die...

∆ . #. #.
##.#####
......)#####
#.o@...# #..#
#.%#.### #..#
#..#...# #..#
#....#.#....#
#..#
#.#.##.######
#..# #.#. #.#
#..####### #.
#.#
#.......>. ..
#.# #<.######
## #.#


You could see an orc warrior.

Vanquished Creatures
  A water moccasin (D:5)
  2 orc warriors (D:5)
  4 slaves
  2 phantoms (D:5)
  2 bullfrogs (D:6)
  2 scorpions
  3 wights (D:5)
  A howler monkey (D:5)
  A crimson imp (D:5)
  A centaur zombie (D:5)
  A quasit (D:5)
  3 hounds
  2 orc priests
  6 orc wizards
  5 worker ants
  Natasha (twice) (D:4 D:3)
  An iguana (D:5)
  A worker ant zombie (D:4)
  9 gnolls
  8 adders
  2 shadow imps
  An ooze (D:5)
  An adder skeleton (D:6)
  2 worms
  10 leopard geckos
  33 orcs
  6 bats
  8 giant cockroaches
  11 goblins
  8 hobgoblins
  5 jackals
  A quokka (D:5)
  8 frilled lizards
  5 kobolds
  2 leopard gecko skeletons
  2 leopard gecko zombies
  9 rats
171 creatures vanquished.

Notes
Turn   | Place    | Note
-------+----------+-------------------------------------------
     0 | D:1      | toffzen the Gnoll Wanderer began the quest for the Orb.
     0 | D:1      | toffzen set off with: a scroll of fear, a scroll of blinking, a potion of curing, a wand of random effects (15), a +0 robe, a +0 club, a +0 dagger, a ration
     0 | D:1      | Reached XP level 1. HP: 17/17 MP: 2/2
   393 | D:1      | Reached XP level 2. HP: 14/23 MP: 3/3
  1275 | D:1      | Reached XP level 3. HP: 23/28 MP: 4/4
  1774 | D:2      | Reached skill level 1 in Short Blades
  1774 | D:2      | Reached skill level 1 in Long Blades
  1774 | D:2      | Reached skill level 1 in Maces & Flails
  1774 | D:2      | Reached skill level 1 in Polearms
  1774 | D:2      | Reached skill level 1 in Staves
  1774 | D:2      | Reached skill level 1 in Slings
  1774 | D:2      | Reached skill level 1 in Bows
  1774 | D:2      | Reached skill level 1 in Crossbows
  1774 | D:2      | Reached skill level 1 in Dodging
  1774 | D:2      | Reached skill level 1 in Shields
  1774 | D:2      | Reached skill level 1 in Spellcasting
  1774 | D:2      | Reached skill level 1 in Invocations
  1774 | D:2      | Reached XP level 4. HP: 14/34 MP: 4/6
  1967 | D:2      | Found a burning altar of Makhleb.
  1978 | D:2      | Became a worshipper of Makhleb the Destroyer
  2110 | D:2      | Found a white marble altar of Elyvilon.
  2176 | D:2      | You fall through a shaft for 2 floors!
  2194 | D:3      | Reached skill level 1 in Conjurations
  2194 | D:3      | Reached skill level 1 in Hexes
  2194 | D:3      | Reached skill level 1 in Charms
  2194 | D:3      | Reached skill level 1 in Summonings
  2194 | D:3      | Reached skill level 1 in Necromancy
  2194 | D:3      | Reached skill level 1 in Translocations
  2194 | D:3      | Reached skill level 1 in Transmutations
  2194 | D:3      | Reached skill level 1 in Fire Magic
  2194 | D:3      | Reached skill level 1 in Ice Magic
  2194 | D:3      | Reached skill level 1 in Air Magic
  2194 | D:3      | Reached skill level 1 in Earth Magic
  2194 | D:3      | Reached skill level 1 in Poison Magic
  2333 | D:3      | Found a shimmering altar of Xom.
  2444 | D:2      | Reached XP level 5. HP: 39/40 MP: 7/7
  3372 | D:3      | Reached XP level 6. HP: 21/47 MP: 8/8
  3722 | D:2      | Reached * piety under Makhleb
  4465 | D:4      | Noticed Natasha
  4473 | D:4      | Killed Natasha
  4474 | D:4      | Noticed Pikel
  4474 | D:4      | Noticed a slave
  4474 | D:4      | Noticed a slave
  4475 | D:4      | Noticed a slave
  4480 | D:4      | Noticed Natasha
  4502 | D:3      | Killed a slave
  4503 | D:3      | Killed Natasha
  4503 | D:3      | Reached XP level 7. HP: 24/52 MP: 10/10
  4733 | D:4      | Found a bloodstained altar of Trog.
  5466 | D:4      | Reached skill level 7 in Unarmed Combat
  5491 | D:4      | Reached ** piety under Makhleb
  5551 | D:5      | Entered Level 5 of the Dungeon
  5874 | D:5      | Reached skill level 5 in Stealth
  6288 | D:5      | Reached XP level 8. HP: 37/60 MP: 12/12
  6463 | D:5      | Found a glowing silver altar of Zin.
  6509 | D:5      | Found a stormy altar of Qazlal.
  6604 | D:5      | Found an ornate altar of the Wu Jian Council.
  6605 | D:5      | Found an ancient bone altar of Kikubaaqudgha.
  6892 | D:6      | Reached *** piety under Makhleb
  6943 | D:6      | Found Wanithoh's Antique Weapon Boutique.
  7528 | D:6      | Noticed appiemonkey's ghost (novice BaFi)
  8655 | D:5      | Reached XP level 9. HP: 29/66 MP: 14/14
  9017 | D:6      | HP: 1/66 [orc warrior/hand axe of electrocution (8)]
  9018 | D:6      | Mangled by an orc warrior

Skill      XL: |  1  2  3  4  5  6  7  8 |
---------------+-------------------------+-----
Short Blades   | 1 2 3 |  3.8
Long Blades    | 1 2 3 |  3.8
Maces & Flails | 1 2 3 |  3.8
Polearms       | 1 2 3 |  3.8
Staves         | 1 2 3 |  3.8
Slings         | 1 2 3 |  3.8
Bows           | 1 2 3 |  3.8
Crossbows      | 1 2 3 |  3.8
Dodging        | 1 2 3 |  3.8
Shields        | 1 2 3 |  3.8
Spellcasting   | 1 2 3 |  3.8
Invocations    | 1 2 3 4 |  4.2
Conjurations   | 1 2 3 |  3.1
Hexes          | 1 2 3 |  3.1
Charms         | 1 2 3 |  3.1
Summonings     | 1 2 3 |  3.1
Necromancy     | 1 2 3 |  3.1
Translocations | 1 2 3 |  3.1
Transmutations | 1 2 3 |  3.1
Fire Magic     | 1 2 3 |  3.1
Ice Magic      | 1 2 3 |  3.1
Air Magic      | 1 2 3 |  3.1
Earth Magic    | 1 2 3 |  3.1
Poison Magic   | 1 2 3 |  3.1
Fighting       | 3 4 |  4.6
Axes           | 3 4 |  4.6
Throwing       | 3 4 |  4.6
Armour         | 3 4 |  4.6
Evocations     | 3 4 |  4.6
Unarmed Combat | 7 |  7.6
Stealth        | 5 |  5.7

Action                   |  1- 3 |  4- 6 |  7- 9 || total
-------------------------+-------+-------+-------++-------
Melee: Club              |    17 |       |       ||    17
       Short sword       |    60 |       |       ||    60
       Bite              |     9 |    23 |    33 ||    65
       Punch             |     3 |     7 |     9 ||    19
       War axe           |    28 |   126 |    87 ||   241
       Dagger            |       |    76 |   249 ||   325
Throw: Stone             |     8 |    37 |    48 ||    93
Invok: Minor Destruction |       |       |    56 ||    56
  Use: Scroll            |       |     7 |     6 ||    13
       Potion            |       |     2 |     2 ||     4
 Stab: Sleeping          |     3 |     2 |     6 ||    11
  Eat: Chunk             |     2 |     4 |    11 ||    17
       Ration            |     2 |     1 |     1 ||     4
Armor: Robe              |     5 |       |       ||     5
       Scale mail        |    27 |    99 |    84 ||   210
       Plate armour      |       |       |    19 ||    19
Dodge: Dodged            |    54 |   118 |   179 ||   351
